 Dungeon Crawl Stone Soup version 0.18-a0-1312-gf98331d (webtiles) character file.

16 Reinor the Ducker (level 2, -2/16 HPs)
             Began as a Spriggan Abyssal Knight on Feb 14, 2016.
             Was a Follower of Lugonu.
             Slain by an adder (4 damage)
             ... on level 2 of the Dungeon.
             The game lasted 00:02:32 (948 turns).

Reinor the Ducker (Spriggan Abyssal Knight)          Turns: 948, Time: 00:02:32

Health: -2/16      AC:  2    Str:  8    XL:     2   Next: 37%
Magic:  4/4        EV: 18    Int: 18    God:    Lugonu [*.....]
Gold:   52         SH:  0    Dex: 15    Spells: 0 memorised, 1 level left

rFire  + . .     SeeInvis +     a - +1 short sword
rCold  + . .     Gourm    .     b - +0 robe
rNeg   . . .     Faith    .     (shield restricted)
rPois  +         Spirit   .     (helmet restricted)
rElec  +         Dismiss  .     (no cloak)
rCorr  +         Reflect  .     (gloves unavailable)
SustAt .         Harm     .     (boots unavailable)
MR     .....                    (no amulet)
Stlth  ++........               (no ring)
                                (no ring)

@: brilliant, lethally poisoned (-2 -> -7), resistant, very quick, not resistant
to hostile enchantments, unstealthy
A: unfitting armour, see invisible, herbivore 3, speed 3, slow metabolism 2
a: Depart the Abyss, Renounce Religion


You were on level 2 of the Dungeon.
You worshipped Lugonu.
Lugonu was aware of your devotion.
You were not hungry.

You visited 1 branch of the dungeon, and saw 2 of its levels.
You visited the Abyss 1 time.

You collected 52 gold pieces.

Inventory:

Hand Weapons
 a - a +1 short sword (weapon)
Armour
 b - a +0 robe (worn)
Scrolls
 d - a scroll of noise {unknown}
 e - a scroll of magic mapping {unknown}
 f - a scroll of remove curse
 i - a scroll of enchant weapon {unknown}
 j - a scroll of enchant armour {unknown}
Potions
 h - a potion of resistance
Comestibles
 c - 2 bread rations


   Skills:
 - Level 2.7 Fighting
 + Level 2.5 Short Blades
 - Level 3.7 Dodging
 + Level 1.4 Stealth
 - Level 1.8 Invocations


You had one spell level left.
You didn't know any spells.

Dungeon Overview and Level Annotations

Branches:
Dungeon (2/15)

Altars:


Innate Abilities, Weirdness & Mutations

You are tiny and cannot use many weapons and most armour.
You have supernaturally acute eyesight.
You are an herbivore.
You cover ground extremely quickly.
You need consume almost no food.


Message History

* * * LOW HITPOINT WARNING * * *
The adder misses you.
Drink which item? (? for menu, Esc to quit)
It was a potion of brilliance.
You feel clever all of a sudden. The adder completely misses you.
The rat bites you but does no damage.
Drink which item? (? for menu, Esc to quit)
You don't have any such object.
Drink which item? (? for menu, Esc to quit)
You don't have any such object.
Drink which item? (? for menu, Esc to quit)
Okay, then.
You are too injured to fight recklessly!
You are too injured to fight recklessly!
You are too injured to fight recklessly!
You are too injured to fight recklessly!
You barely miss the adder.
The adder is heavily wounded.
The adder misses you. The rat closely misses you. The adder bites you.
You die...

.#### #.....# ##.......
##. .......## .#..
#####........ .......
............
.....#.###..........
...........r>......
.##.........@S......
.........#.........
###.###..###.#.........
........................
........#..##...........
...#.## ##.#..#.........
...#..###<..............
#...........##..........
#..#.................


You could see an adder and a rat.

Vanquished Creatures
  2 giant geckos (D:1)
  A giant cockroach (D:1)
  2 goblins (D:1)
  A hobgoblin (D:1)
  A quokka (D:2)
  A ball python (D:1)
  3 bats (D:1)
  2 giant newts (D:1)
13 creatures vanquished.

Notes
Turn   | Place    | Note
--------------------------------------------------------------
     0 | Abyss:1  | Reinor the Spriggan Abyssal Knight began the quest for the Orb.
     0 | Abyss:1  | Reached XP level 1. HP: 11/11 MP: 3/3
     1 | Abyss:1  | Found a corrupted altar of Lugonu.
    21 | Abyss:1  | Found a corrupted altar of Lugonu.
   110 | Abyss:1  | Noticed an eye of draining
   188 | Abyss:1  | Noticed a red very ugly thing
   191 | Abyss:1  | Noticed a small abomination
   197 | Abyss:1  | Noticed a smoke demon
   204 | Abyss:1  | Noticed a small abomination
   217 | Abyss:1  | Noticed a thrashing horror
   227 | Abyss:1  | Noticed a worldbinder
   228 | Abyss:1  | Noticed a vampire mosquito
   228 | Abyss:1  | Noticed an alligator
   228 | Abyss:1  | Noticed a swamp drake
   230 | D:1      | Escaped the Abyss
   424 | D:1      | Reached * piety under Lugonu
   556 | D:1      | Reached XP level 2. HP: 16/16 MP: 4/4
   669 | D:1      | Reached skill level 1 in Stealth
   907 | D:2      | Found a faded altar to an unknown god.
   948 | D:2      | Slain by an adder

Vault maps used:
D:1:      dpeg_arrival_rhombus
D:2:      nicolae_overflow_hidden_temple, ecumenical_altar_2, first_bread,
          hangedman_feature_mirror, uniq_iyjb

Action                   || total
-------------------------++-------
Melee: Short sword       ||    51
Invok: Depart the Abyss  ||     1
  Use: Potion            ||     2
       Scroll            ||     1
 Stab: Sleeping          ||     1
